AoeStats
← xxSle3py

Black Forest

509573337Analyzed
4v4 RM · 5d ago on Sep 27, 2026· 75m 9s· 8 players
Game mode
Random Map
Map size
Large (8 player)
Population
200
Speed
Normal
Resources
Standard
Victory
Conquest
Starting age
Dark Age
Ending age
Imperial Age
RankedLock teamsTeams togetherTeam positionsShared explorationLock speedFull tech treeHidden civsTurbo modeCheats
Victory
Defeat
🇮🇳 Varangians · India
1170
+16
🇮🇳 Britons · India
1150
+17
🇮🇳 Turks · India
1106
+19
🇹🇼 Aztecs · Taiwan
1045
+22
🇲🇽 Turks · Mexico
1198
-20
🇧🇪 Turks · Belgium
1197
-19
🇺🇸 Varangians · United States
1182
-19
🇺🇸 Saxons · United States
1105
-16
xxSle3py
3:29 Loom
11:36 Feudal Age
15:25 Castle Age
13:22 Double-Bit Axe
13:50 Horse Collar
15:43 Crossbowman
17:05 Fletching
19:16 Wheelbarrow
22:04 Padded Archer Armor
22:42 Bow Saw
24:39 Heavy Plow
24:51 Elite Skirmisher
27:16 Hand Cart
27:06 Bodkin Arrow
33:27 Imperial Age
31:10 Gold Mining
31:11 Stone Mining
32:09 Loom
32:53 Ballistics
33:47 Leather Archer Armor
35:29 Bracer
35:59 Ring Archer Armor
39:19 Conscription
41:34 Forging
41:25 Scale Mail Armor
42:21 Thumb Ring
42:10 Arbalester
47:12 Chemistry
48:37 Chain Mail Armor
48:57 Squires
48:43 Gambesons
50:57 Two-Man Saw
50:30 Crop Rotation
50:33 Caravan
52:03 Shield Wall
54:42 Plate Mail Armor
ABRAXAS
9:22 Loom
11:08 Feudal Age
15:42 Castle Age
14:07 Double-Bit Axe
14:13 Horse Collar
14:42 Fishing Lines
19:06 Wheelbarrow
20:02 Bow Saw
21:10 Gillnets
23:19 Gold Mining
23:38 Heavy Plow
24:19 Stone Mining
25:34 Hand Cart
27:44 Bloodlines
27:54 Scale Barding Armor
30:46 Imperial Age
28:58 Forging
28:52 Husbandry
29:29 Ballistics
29:52 Caravan
31:13 Chain Barding Armor
30:38 Man-at-Arms
31:59 Conscription
32:36 Fletching
33:55 Plate Barding Armor
35:10 Gothikon
35:17 Elite Jarl
38:59 Bodkin Arrow
39:39 Iron Casting
chninane
1:06 Loom
12:39 Feudal Age
21:51 Fletching
23:40 Double-Bit Axe
23:37 Horse Collar
29:46 Castle Age
34:54 Wheelbarrow
35:22 Padded Archer Armor
62:52 Hand Cart
66:06 Imperial Age
65:07 Bow Saw
64:59 Heavy Plow
SHADOW2727z
0:40 Loom
15:40 Feudal Age
27:35 Double-Bit Axe
32:50 Horse Collar
34:45 Wheelbarrow
37:54 Castle Age
36:38 Stone Mining
36:42 Gold Mining
37:52 Town Watch
39:41 Bow Saw
40:12 Hand Cart
39:59 Heavy Plow
41:58 Gold Shaft Mining
42:33 Fortified Wall
47:03 Ballistics
50:33 Imperial Age
48:56 Town Patrol
49:01 Padded Archer Armor
48:48 Treadmill Crane
50:41 Scale Barding Armor
51:28 Bloodlines
51:19 Husbandry
51:36 Forging
52:41 Two-Man Saw
52:23 Conscription
53:07 Chain Barding Armor
54:17 Iron Casting
53:37 Elite Janissary
55:29 Leather Archer Armor
56:38 Plate Barding Armor
57:16 Blast Furnace
58:07 Ring Archer Armor
60:06 Fletching
60:46 Bodkin Arrow
63:16 Artillery
63:25 Artillery
福
0:34 Loom
14:44 Feudal Age
20:56 Castle Age
19:31 Double-Bit Axe
22:00 Wheelbarrow
21:56 Bow Saw
26:14 Horse Collar
29:35 Horse Collar
31:49 Scale Mail Armor
38:14 Imperial Age
37:12 Pikeman
37:53 Squires
39:30 Treadmill Crane
49:13 Garland Wars
50:47 Conscription
51:12 Elite Jaguar Warrior
51:37 Elite Skirmisher
53:31 Fletching
53:57 Chain Mail Armor
54:56 Forging
58:24 Plate Mail Armor
57:49 Bodkin Arrow
58:06 Gold Mining
63:09 Atlatl
63:16 Bracer
63:52 Iron Casting
65:13 Chemistry
64:33 Ballistics
64:20 Siege Engineers
68:22 Padded Archer Armor
70:48 Leather Archer Armor
71:34 Blast Furnace
74:14 Caravan
ravish.ratnam
1:49 Loom
12:01 Feudal Age
16:04 Castle Age
14:29 Double-Bit Axe
15:40 Fletching
16:52 Crossbowman
20:52 Ballistics
22:31 Bodkin Arrow
23:27 Fishing Lines
24:04 Gillnets
25:37 Padded Archer Armor
35:06 Imperial Age
35:56 Wheelbarrow
35:26 Arbalester
36:12 Horse Collar
36:44 Bow Saw
38:09 Hand Cart
38:56 Bracer
39:11 Leather Archer Armor
40:01 Chemistry
39:42 Town Watch
40:31 Heavy Plow
42:00 Masonry
41:57 Siege Engineers
42:21 Elite Longbowman
49:27 Caravan
55:49 Architecture
55:30 Fortified Wall
55:12 Guard Tower
58:10 Ring Archer Armor
57:40 Scale Mail Armor
57:51 Forging
59:33 Keep
60:38 Chain Mail Armor
60:59 Iron Casting
60:26 Murder Holes
60:11 Treadmill Crane
69:04 Guilds
69:25 Coinage
Kunal
0:39 Loom
14:41 Feudal Age
14:58 Man-at-Arms
17:09 Gold Mining
17:07 Double-Bit Axe
17:34 Horse Collar
22:09 Fishing Lines
25:35 Castle Age
23:43 Scale Mail Armor
24:43 Forging
24:35 Arson
26:45 Chain Mail Armor
26:56 Medium Warships
27:15 Squires
27:17 Gambesons
30:08 Gillnets
31:54 Iron Casting
32:33 Bow Saw
32:27 Heavy Plow
35:30 Wheelbarrow
36:42 Hand Cart
39:31 Imperial Age
39:34 Elite Varangian Guard
40:46 Plate Mail Armor
41:22 Blast Furnace
41:58 Fletching
43:05 Crop Rotation
43:38 Two-Man Saw
43:27 Ballistics
44:08 Chemistry
44:19 Masonry
43:41 Long Swordsman
43:47 Gothikon
44:48 Conscription
45:59 Two-Handed Swordsman
48:51 Capped Ram
49:52 Siege Ram
56:49 Heavy Scorpion
57:57 Pikeman
58:51 Stone Mining
61:42 Bodkin Arrow
62:11 Halberdier
63:02 Bracer
65:17 Light Cavalry
66:08 Bloodlines
65:59 Husbandry
68:23 Scale Barding Armor
67:46 Hussar
69:09 Architecture
68:45 Siege Engineers
68:21 Treadmill Crane
70:16 Chain Barding Armor
72:49 Plate Barding Armor
74:09 Caravan
DrGameHer
4:33 Loom
22:13 Feudal Age
24:02 Fishing Lines
28:35 Castle Age
26:28 Double-Bit Axe
27:44 Stone Mining
29:45 Gillnets
30:59 Town Watch
34:32 Imperial Age
33:54 Bow Saw
33:37 Fletching
33:49 Murder Holes
35:27 Fortified Wall
38:03 Two-Man Saw
38:12 Bodkin Arrow
38:18 Padded Archer Armor
39:11 Ballistics
38:57 Bracer
40:44 Conscription
42:43 Leather Archer Armor
45:48 Bloodlines
47:44 Horse Collar
54:58 Scale Barding Armor
56:58 Chain Barding Armor
60:57 Wheelbarrow
66:45 Ring Archer Armor
69:52 Plate Barding Armor
68:43 Heavy Camel Rider
69:31 Husbandry
69:50 Elite Janissary
73:31 Forging
Connection lost

Rejoining the realm…

Still unreachable

The connection could not be restored.

Session expired

The server has moved on; the page needs a fresh start.